 Dungeon Crawl Stone Soup version 0.16.2-12-gd0ad4c3 (webtiles) character file.

32087 SarkitSoul the Eclecticist (level 13, -1/63 HPs)
             Began as a Deep Elf Conjurer on Dec 23, 2015.
             Was a High Priest of Vehumet.
             Slain by a seven-headed hydra (5 damage)
             ... on level 4 of the Lair of Beasts on Dec 26, 2015.
             The game lasted 04:07:04 (16423 turns).

SarkitSoul the Eclecticist (Deep Elf Conjurer)     Turns: 16423, Time: 04:07:04

Health: -1/63      AC:  2    Str:  5    XL:     13   Next: 29%
Magic:  31/49      EV: 14    Int: 30    God:    Vehumet [*****.]
Gold:   1139       SH:  0    Dex: 24    Spells: 6 memorised, 28 levels left

rFire  + . .     SeeInvis .     G - staff of poison
rCold  x . .     Clarity  .     l - +0 robe
rNeg   . . .     SustAb   .     (no shield)
rPois  +         Gourm    .     w - +0 helmet
rElec  +         Spirit   .     B - -5 cloak "Akiothea" {rElec rC- Int+4 Dex+3}
rCorr  .         Warding  .     i - +0 pair of gloves
rMut   .         Stasis   .     Z - +1 pair of boots {rF+}
MR     +....                    (no amulet)
Stlth  +++.......               I - ring of magical power
                                q - +6 ring of dexterity

@: somewhat resistant to hostile enchantments, fairly stealthy
A: no striking features
a: Renounce Religion


You were on level 4 of the Lair of Beasts.
You worshipped Vehumet.
Vehumet was extremely pleased with you.
You were not hungry.

You visited 4 branches of the dungeon, and saw 18 of its levels.
You also visited: Volcano.

You collected 1844 gold pieces.
You spent 705 gold pieces at shops.

Inventory:

Armour
 i - a +0 pair of gloves (worn)
 l - a +0 robe (worn)
 w - a +0 helmet (worn)
 B - the -5 cloak "Akiothea" (worn) {rElec rC- Int+4 Dex+3}
   (You found it on level 6 of the Dungeon)

   It affects your intelligence (+4).
   It affects your dexterity (+3).
   It makes you vulnerable to cold.
   It insulates you from electricity.
 Z - a +1 pair of boots of fire resistance (worn)
Magical staves
 G - an uncursed staff of poison (weapon)
Rods
 J - a +0 rod of destruction (12/12)
   (You found it on level 5 of the Dungeon)
Jewellery
 e - an uncursed ring of fire
 h - an uncursed ring of sustain abilities
 q - a +6 ring of dexterity (left hand)
 v - an uncursed ring of protection from cold
 I - a ring of magical power (right hand)
 N - an uncursed ring of poison resistance
 W - a cursed amulet of inaccuracy {unknown}
Magical devices
 a - a wand of teleportation (2)
 C - a wand of slowing (15)
 H - a wand of lightning (3)
 K - a wand of teleportation (1)
 V - a wand of frost (17)
Scrolls
 d - a scroll of enchant armour
 j - a scroll of holy word {unknown}
 m - 5 scrolls of identify
 n - 3 scrolls of remove curse
 o - 2 scrolls of teleportation
 s - a scroll of fog
 y - a scroll of fear
 A - a scroll of vulnerability {unknown}
 D - 2 scrolls of enchant weapon
 F - a scroll of recharging
 P - a scroll of magic mapping {unknown}
 R - a scroll of acquirement {unknown}
 S - a scroll of immolation {unknown}
Potions
 b - 2 potions of agility
 g - 3 potions of might
 p - a potion of cure mutation
 x - a potion of mutation
 z - 4 potions of heal wounds
 E - 7 potions of curing
 M - 3 potions of brilliance
 O - a potion of ambrosia
 Q - a potion of flight
 T - a potion of resistance
 U - a potion of restore abilities
 Y - 3 potions of berserk rage
Books
 c - a book of Conjurations

   Spells                             Type                      Level
   a - Magic Dart                     Conjuration                  1
   b - Searing Ray                    Conjuration                  2
   c - Dazzling Spray                 Conjuration/Hexes            3
   d - Fulminant Prism                Conjuration/Hexes            4
   e - Iskenderun's Mystic Blast      Conjuration                  4
   f - Iskenderun's Battlesphere      Conjuration/Charms           5
 f - a Necronomicon {highlevel, unknown}

   This book is beyond your current level of understanding.

   Spells                             Type                      Level
   a - Haunt                          Necromancy/Summoning         7
   b - Borgnjor's Revivification      Necromancy                   8
   c - Death's Door                   Charms/Necromancy            8
   d - Necromutation                  Transmutation/Necromancy     8
 t - a Grand Grimoire {highlevel, unknown}

   This book is beyond your current level of understanding.

   Spells                             Type                      Level
   a - Aura of Abjuration             Summoning                    6
   b - Summon Greater Demon           Summoning                    7
   c - Malign Gateway                 Summoning/Translocation      7
   d - Summon Horrible Things         Summoning                    8
 L - a book of Battle

   Spells                             Type                      Level
   a - Infusion                       Charms                       1
   b - Shroud of Golubria             Charms/Translocation         2
   c - Song of Slaying                Charms                       2
   d - Spectral Weapon                Hexes/Charms                 3
   e - Regeneration                   Charms/Necromancy            3
Comestibles
 k - 10 meat rations
 r - 2 slices of pizza
 u - 3 beef jerkies
 X - 4 fruits


   Skills:
 - Level 2.4 Dodging
 - Level 2.4 Stealth
 + Level 19.4 Spellcasting
 + Level 17.0 Conjurations


You had 28 spell levels left.
You knew the following spells:

 Your Spells              Type           Power        Failure   Level  Hunger
a - Magic Dart            Conj           ####         0%          1    None
b - Dazzling Spray        Conj/Hex       ######..     1%          3    None
c - Iskenderun's Mystic   Conj           #######.     0%          4    None
d - Fulminant Prism       Conj/Hex       ######....   1%          4    None
e - Iskenderun's Battles  Conj/Chrm      ######..     1%          5    None
f - Fireball              Conj/Fire      ######....   1%          5    None


Dungeon Overview and Level Annotations

Branches:
Dungeon (9/15)             Temple (1/1) D:6            Lair (4/8) D:8
    Orc (4/4) D:9             Elf (0/3) Orc:3
  Swamp: Lair:3-6    Shoals: Lair:3-6     Snake: Lair:3-6    Spider: Lair:3-6

Altars:
Ashenzari
Cheibriados
Dithmenos
Elyvilon
Fedhas
Gozag
Kikubaaqudgha
Makhleb
Nemelex Xobeh
Okawaru
Qazlal
Ru
Sif Muna
Trog
Vehumet
Xom
Yredelemnul
Zin
The Shining One

Shops:
D:4 *   D:7 ?   Orc:4 !**!

Annotations:
D:2 exclusion: 2 downstairs
D:4 Edmund
Lair:3 exclusion: oklob plant
Orc:2 exclusion: downstairs
Orc:3 exclusion: downstairs


Message History

The seven-headed hydra misses you. The seven-headed hydra bites you.
The seven-headed hydra bites you.
A water moccasin comes into view.
Casting: Dazzling Spray
Confirm with . or Enter, or press ? or * to list all spells.
Aiming: Dazzling Spray
Press: ? - help, Shift-Dir - straight line, f/p - seven-headed hydra
Aim: a seven-headed hydra (severely wounded)
The spray of energy misses the seven-headed hydra.
Your battlesphere fires!
The barrage of energy hits the seven-headed hydra.
The seven-headed hydra is almost dead.
Your battlesphere expends the last of its energy and dissipates.
The seven-headed hydra bites you!
The seven-headed hydra closely misses you.
The seven-headed hydra bites you! x2
* * * LOW HITPOINT WARNING * * *
The seven-headed hydra barely misses you.
The seven-headed hydra bites you.
You die...

# ... ###.# #......###
.P....#......#..# ####
.....P#.†........###...
....(...................
........(...............
..................%.....
.S.....D..§...##.........
#@....##.8.#......
##...<#...).....##
##...#8.>.8#####
#.........# #...#.....#
##..P#....##
#...##.....##
##.#....8...##
###.........##


You could see a seven-headed hydra and a water moccasin.

Vanquished Creatures
  Maud (Lair:3)
  An ettin (Orc:3)
  2 ogre magi (Orc:4)
  Nergalle (Orc:4)
  2 hill giants (Orc:4)
  Erolcha (Orc:2)
  Pikel (D:5)
  A deep troll (Orc:4)
  An orc knight (Orc:2)
  An oklob plant (Lair:3)
  The ghost of Wutend the Skirmisher, an experienced OpFi of Dithmenos (D:6)
  2 cyclopes (Orc:4)
  An elephant (D:8)
  A molten gargoyle (Volcano)
  8 spiny frogs
  5 komodo dragons
  A fire drake (Lair:2)
  Grinder (D:6)
  Prince Ribbit (Lair:1)
  9 trolls
  12 blink frogs
  8 two-headed ogres
  A basilisk (Lair:2)
  8 yaks
  A human (D:9)
  3 fire elementals (Volcano)
  6 hippogriffs
  A hungry ghost (D:9)
  3 wargs
  3 porcupines
  5 water moccasins
  An ice beast (D:9)
  A sky beast (D:9)
  4 black bears
  15 orc warriors
  4 slaves
  24 ogres
  3 centaurs
  Sigmund (D:3)
  Duvessa (D:4)
  6 crocodiles
  10 giant frogs
  A gnoll sergeant (D:7)
  5 scorpions
  5 wights (D:9)
  9 sheep
  3 vampire bats (D:3)
  Dowan (D:4)
  3 goliath beetles
  A centaur skeleton (D:9)
  4 crimson imps
  A giant frog zombie (D:9)
  10 hounds
  25 orc priests
  6 jellies
  3 iguanas
  22 orc wizards
  5 worker ants
  5 fulminant prisms
  A hound zombie (D:9)
  A hound skeleton (D:9)
  A mummy (D:9)
  A worker ant zombie (D:8)
  Robin (D:2)
  21 adders
  6 gnolls (D:7)
  16 river rats (Lair:3)
  A shadow imp (D:8)
  A worm (D:2)
  An adder zombie (D:8)
  5 adder skeletons
  160 orcs
  A ball python (D:5)
  5 bat zombies (D:3)
  10 giant cockroaches
  2 gnoll zombies (D:5)
  28 goblins
  19 hobgoblins
  10 kobolds
  12 bats
  6 giant geckos
  9 giant newts
  12 jackals
  5 quokkas
  A quokka skeleton (D:5)
  17 rats
  2 ballistomycetes (D:8)
  2 fungi (Lair:2)
629 creatures vanquished.

Vanquished Creatures (others)
  Crazy Yiuf (D:5)
  76 fulminant prisms
  A giant spore (D:8)
  2 ballistomycetes (D:8)
  3 fungi (Lair:3)
  A plant (Lair:3)
84 creatures vanquished.

Grand Total: 713 creatures vanquished

Notes
Turn   | Place    | Note
--------------------------------------------------------------
     0 | D:1      | SarkitSoul, the Deep Elf Conjurer, began the quest for the Orb.
     0 | D:1      | Reached XP level 1. HP: 10/10 MP: 5/5
   195 | D:1      | Reached XP level 2. HP: 15/15 MP: 4/8
   627 | D:1      | Reached XP level 3. HP: 19/19 MP: 9/12
   854 | D:2      | Reached skill level 5 in Conjurations
  1239 | D:2      | Reached XP level 4. HP: 24/24 MP: 11/16
  1559 | D:2      | Reached skill level 5 in Spellcasting
  1562 | D:2      | Noticed Robin
  1566 | D:2      | Killed Robin
  1677 | D:3      | Noticed Sigmund
  1716 | D:3      | Noticed a giant frog
  1730 | D:2      | Learned a level 3 spell: Dazzling Spray
  1735 | D:2      | Learned a level 4 spell: Iskenderun's Mystic Blast
  1740 | D:2      | Learned a level 4 spell: Fulminant Prism
  1826 | D:3      | Found a bloodstained altar of Trog.
  1919 | D:3      | Reached XP level 5. HP: 28/28 MP: 12/19
  2048 | D:3      | Reached skill level 6 in Spellcasting
  2276 | D:3      | Found an ancient bone altar of Kikubaaqudgha.
  2279 | D:3      | Reached XP level 6. HP: 29/32 MP: 7/22
  2376 | D:3      | Killed a giant frog
  2376 | D:3      | Reached skill level 7 in Spellcasting
  2455 | D:3      | Learned a level 5 spell: Iskenderun's Battlesphere
  2823 | D:3      | Killed Sigmund
  3042 | D:3      | Reached XP level 7. HP: 31/36 MP: 14/25
  3245 | D:4      | Found a blossoming altar of Fedhas.
  3516 | D:4      | Noticed Duvessa
  3518 | D:4      | Noticed Dowan
  3522 | D:4      | Killed Duvessa
  3522 | D:4      | Reached skill level 8 in Spellcasting
  3525 | D:4      | Killed Dowan
  3891 | D:4      | Found Frin's General Store.
  3932 | D:4      | Bought a scroll of teleportation for 33 gold pieces
  4005 | D:4      | Reached skill level 9 in Spellcasting
  4066 | D:5      | Entered Level 5 of the Dungeon
  4103 | D:5      | Reached XP level 8. HP: 41/41 MP: 18/28
  4343 | D:5      | Noticed Crazy Yiuf
  4347 | D:5      | Killed Crazy Yiuf
  4398 | D:5      | Noticed Pikel
  4596 | D:6      | Found an iron altar of Okawaru.
  4605 | D:6      | Noticed Grinder
  4623 | D:5      | Noticed Edmund
  4962 | D:5      | Found a blossoming altar of Fedhas.
  5372 | D:5      | Killed Pikel
  5372 | D:5      | Reached skill level 10 in Spellcasting
  5449 | D:5      | Found a basalt altar of Yredelemnul.
  5636 | D:6      | Killed Grinder
  5636 | D:6      | Reached skill level 11 in Spellcasting
  5645 | D:6      | Identified a +0 rod of destruction (12/12) (You found it on level 5 of the Dungeon)
  5665 | D:6      | Noticed Wutend's ghost (experienced OpFi)
  5682 | D:5      | Reached skill level 10 in Conjurations
  5682 | D:5      | Reached XP level 9. HP: 39/45 MP: 1/31
  5819 | D:6      | Found a glowing golden altar of the Shining One.
  5866 | D:6      | Got a warped cloak
  5877 | D:6      | Identified the cursed -5 cloak "Akiothea" {rElec rC- Int+4 Dex+3} (You found it on level 6 of the Dungeon)
  5947 | D:6      | Killed Wutend's ghost
  6020 | D:6      | Found a staircase to the Ecumenical Temple.
  6132 | Temple   | Entered the Ecumenical Temple
  6171 | Temple   | Became a worshipper of Vehumet
  6502 | D:6      | Reached skill level 12 in Spellcasting
  6614 | D:7      | Found an opulent altar of Gozag.
  6632 | D:7      | Found Klei's Magic Scroll Boutique.
  6643 | D:7      | Bought a scroll of identify for 32 gold pieces
  6643 | D:7      | Bought a scroll of identify for 32 gold pieces
  6643 | D:7      | Bought a scroll of fear for 56 gold pieces
  6643 | D:7      | Bought a scroll of teleportation for 48 gold pieces
  6964 | D:7      | Acquired Vehumet's first power
  6964 | D:7      | Offered knowledge of Sandblast by Vehumet.
  7032 | D:7      | Found a sacrificial altar of Ru.
  7121 | D:7      | Reached skill level 13 in Spellcasting
  7318 | D:8      | Found a staircase to the Lair.
  7318 | D:8      | Noticed an elephant
  7527 | D:8      | Reached XP level 10. HP: 12/50 MP: 15/33
  7900 | D:9      | Offered knowledge of Sting by Vehumet.
  8157 | D:9      | Found a staircase to the Orcish Mines.
  8201 | D:9      | Reached skill level 14 in Spellcasting
  8237 | D:9      | Offered knowledge of Conjure Flame by Vehumet.
  8449 | D:9      | Acquired Vehumet's second power
  8631 | D:9      | Found a shadowy altar of Dithmenos.
  8634 | D:9      | Found a stormy altar of Qazlal.
  8637 | D:9      | Found a deep blue altar of Sif Muna.
  8990 | Orc:1    | Entered Level 1 of the Orcish Mines
  9354 | Orc:1    | Offered knowledge of Mephitic Cloud by Vehumet.
  9647 | Orc:2    | Reached skill level 15 in Spellcasting
  9799 | Orc:2    | Acquired Vehumet's third power
  9833 | Orc:2    | Offered knowledge of Bolt of Draining by Vehumet.
 10087 | Orc:2    | Noticed Erolcha
 10089 | Orc:2    | Killed Erolcha
 10089 | Orc:2    | Reached XP level 11. HP: 50/54 MP: 24/36
 10176 | Orc:2    | Noticed an orc knight
 10366 | Orc:2    | Killed an orc knight
 10623 | Orc:3    | Found a staircase to the Elven Halls.
 10627 | Orc:3    | Noticed an ettin
 10632 | Orc:3    | Killed an ettin
 11061 | Orc:3    | Offered knowledge of Poisonous Cloud by Vehumet.
 11138 | Orc:4    | Entered Level 4 of the Orcish Mines
 11163 | Orc:4    | Found Kheo's General Store.
 11170 | Orc:4    | Noticed a hill giant
 11172 | Orc:4    | Reached skill level 16 in Spellcasting
 11175 | Orc:4    | Noticed an ogre mage
 11400 | Orc:4    | Noticed Nergalle
 11408 | Orc:4    | Killed Nergalle
 11710 | Orc:4    | Killed a hill giant
 11725 | Orc:4    | Noticed a hill giant
 11733 | Orc:4    | Killed a hill giant
 11891 | Orc:4    | Noticed a deep troll
 11892 | Orc:4    | Reached skill level 17 in Spellcasting
 11898 | Orc:4    | Killed a deep troll
 11905 | Orc:4    | Reached XP level 12. HP: 40/59 MP: 6/38
 11949 | Orc:4    | Noticed a deep troll
 12015 | Orc:3    | Reached skill level 15 in Conjurations
 12297 | Orc:4    | Found Utah's Distillery.
 12300 | Orc:4    | Noticed an ogre mage
 12307 | Orc:4    | Killed an ogre mage
 12311 | Orc:4    | Found Cuppeg's Distillery.
 12609 | Orc:4    | Killed an ogre mage
 12634 | Orc:4    | Found Otuesu Wurch's General Store.
 12636 | Orc:4    | Bought a potion of curing for 48 gold pieces
 12636 | Orc:4    | Bought a potion of heal wounds for 80 gold pieces
 12653 | Orc:4    | Bought 2 potions of curing for 90 gold pieces
 12653 | Orc:4    | Bought a scroll of fog for 30 gold pieces
 12660 | Orc:4    | Bought 2 potions of heal wounds for 160 gold pieces
 12660 | Orc:4    | Bought a potion of curing for 48 gold pieces
 12660 | Orc:4    | Bought a potion of curing for 48 gold pieces
 12957 | D:9      | Offered knowledge of Ozocubu's Refrigeration by Vehumet.
 13064 | D:8      | Killed an elephant
 13361 | Lair:1   | Entered Level 1 of the Lair of Beasts
 13486 | Lair:1   | Reached skill level 18 in Spellcasting
 13694 | Lair:1   | Noticed Prince Ribbit
 13701 | Lair:1   | Killed Prince Ribbit
 14356 | Lair:2   | Found a dark tunnel.
 14370 | Volcano  | Entered a volcano
 15233 | Lair:3   | Reached XP level 13. HP: 48/63 MP: 26/39
 15245 | Lair:3   | Reached skill level 19 in Spellcasting
 15853 | Lair:3   | Noticed Maud
 15864 | Lair:3   | Killed Maud
 15864 | Lair:3   | Offered knowledge of Fireball by Vehumet.
 15885 | Lair:3   | Learned a level 5 spell: Fireball
 16423 | Lair:4   | Slain by a seven-headed hydra

Action                   |  1- 3 |  4- 6 |  7- 9 | 10-12 | 13-15 || total
-------------------------+-------+-------+-------+-------+-------++-------
Melee: Unarmed           |    22 |       |       |     1 |       ||    23
       Whip              |       |     9 |       |       |       ||     9
       Staff             |       |       |     6 |       |       ||     6
       Quarterstaff      |       |       |     2 |       |       ||     2
 Cast: Magic Dart        |    73 |   103 |   217 |   430 |    54 ||   877
       Dazzling Spray    |       |    16 |    66 |   147 |     9 ||   238
       Fulminant Prism   |       |     6 |    38 |    36 |     2 ||    82
       Iskenderun's Myst |       |       |     9 |    55 |    14 ||    78
       Iskenderun's Batt |       |       |    15 |    96 |    13 ||   124
       Fireball          |       |       |       |       |     5 ||     5
Evoke: Wand              |       |       |       |     2 |       ||     2
  Use: Scroll            |     5 |     2 |     8 |    12 |       ||    27
       Potion            |       |     4 |     6 |       |       ||    10
  Eat: Chunk             |     1 |     3 |     8 |     7 |       ||    19
       Bread ration      |       |     1 |     2 |     3 |     1 ||     7
       Pizza             |       |       |       |     2 |       ||     2
